 Dungeon Crawl Stone Soup version 0.17.0-24-gcfadda4 (webtiles) character file.

276 Sorcv the Sneak (level 6, -14/41 HPs)
             Began as a Mummy Enchanter on Nov 15, 2015.
             Demolished by Menkaure (23 damage)
             ... on level 3 of the Dungeon.
             The game lasted 00:11:12 (2622 turns).

Sorcv the Sneak (Mummy Enchanter)                   Turns: 2622, Time: 00:11:13

Health: -14/41     AC:  3    Str: 11    XL:     6   Next: 4%
Magic:  0/9        EV: 12    Int: 14    God:
Gold:   113        SH:  0    Dex: 15    Spells: 3 memorised, 3 levels left

rFire  x . .     SeeInvis .     f - +0 dagger (vamp)
rCold  + . .     Clarity  .     b - +1 robe
rNeg   + + +     SustAt   .     (no shield)
rPois  ∞         Gourm    .     (no helmet)
rElec  .         Spirit   .     (no cloak)
rCorr  .         Warding  .     (no gloves)
rMut   .         Stasis   .     (no boots)
MR     .....                    (no amulet)
Stlth  +++.......               (no ring)
                                (no ring)

@: not resistant to hostile enchantments, fairly stealthy
A: no food or potions, fire vulnerability, cold resistance 1, negative energy
resistance 3, torment resistance, unbreathing
a: no special abilities


You were on level 3 of the Dungeon.
You were not hungry.

You visited 1 branch of the dungeon, and saw 4 of its levels.

You collected 113 gold pieces.

Inventory:

Hand Weapons
 a - a +1 dagger
 f - a +0 vampiric dagger (weapon)
Armour
 b - a +1 robe (worn)
Scrolls
 d - a scroll of recharging
 e - a scroll of identify
 h - a scroll of remove curse
Books
 c - a book of Maledictions

   Spells                             Type                      Level
   a - Corona                         Hexes                        1
   b - Ensorcelled Hibernation        Hexes/Ice                    2
   c - Confuse                        Hexes                        3
   d - Tukima's Dance                 Hexes                        3
   e - Dazzling Spray                 Conjuration/Hexes            3


   Skills:
 + Level 2.4 Short Blades
 - Level 1.5 Dodging
 * Level 4.5 Stealth
 - Level 2.0 Spellcasting
 - Level 4.0 Hexes


You had 3 spell levels left.
You knew the following spells:

 Your Spells              Type           Power        Failure   Level  Hunger
a - Corona                Hex            ##.....      4%          1    N/A
b - Ensorcelled Hibernat  Hex/Ice        #.....       17%         2    N/A
c - Confuse               Hex            ##......     14%         3    N/A

Dungeon Overview and Level Annotations

Branches:
Dungeon (4/15)
 Temple: D:4-7

Altars:
Gozag

Shops:
D:3 *

Annotations:
D:2 Robin
D:3 Menkaure


Innate Abilities, Weirdness & Mutations

You do not eat or drink.
Your flesh is vulnerable to fire.
You are immune to poison.
Your flesh is cold resistant.
You are immune to negative energy.
You are immune to unholy pain and torment.
You can survive without breathing.


Message History

Casting: Corona
Confirm with . or Enter, or press ? or * to list all spells.
Aiming: Corona
Press: ? - help, Shift-Dir - straight line, f/p - Menkaure
Aim: Menkaure (severely damaged, fast, chance to defeat MR: 49%) Menkaure is outlined in light.
Menkaure giggles, "These cerements are ticklish..."
Menkaure hits you.
You hit Menkaure but do no damage.
Menkaure is severely damaged.
Menkaure closely misses you.
You barely miss Menkaure.
Menkaure is severely damaged.
Menkaure barely misses you. Menkaure hits you!
* * * LOW HITPOINT WARNING * * *
You hit Menkaure but do no damage.
Menkaure is severely damaged.
Menkaure hits you!!
Ouch! That really hurt!
You die...

#.......# #.....# #.#### #.
#..#)##.# #.....# #....# #.
#..#.##.# #.....#
###...####. #..#.##.#
#.....# #..........
#..#.##.####.....#
#......)###
#..#.##..........#
#.......# #
#........##.#..#.#
#.#...### #
####.###.##.#..#.####)#...#
# #.###.#...M@.....#.#####
# ####.##.<...#.##.##.#.#
#####
##........#...>........#
#....
##%.................#.###
#.###
##..##........#.###.#(#
#...(
.......#..##.....##.#.#
#.###
##...#.#..###.#.......#
#.###
#...#........##.##.###
#.... #.#####.####.......#
#.###


You could see Menkaure.

Vanquished Creatures
  Sigmund (D:3)
  An orc wizard (D:3)
  2 adders (D:4)
  An adder skeleton (D:4)
  A giant gecko (D:3)
  13 orcs
  A ball python (D:3)
  10 goblins
  4 hobgoblins
  4 jackals (D:3)
  6 kobolds
  3 bats
  2 giant cockroaches (D:3)
  A giant newt (D:4)
  4 rats
54 creatures vanquished.

Notes
Turn   | Place    | Note
--------------------------------------------------------------
     0 | D:1      | Sorcv the Mummy Enchanter began the quest for the Orb.
     0 | D:1      | Reached XP level 1. HP: 13/13 MP: 3/3
   323 | D:1      | Reached skill level 3 in Hexes
   595 | D:1      | Reached XP level 2. HP: 16/19 MP: 5/5
   646 | D:1      | Learned a level 2 spell: Ensorcelled Hibernation
   907 | D:2      | Noticed Robin
  1161 | D:3      | Found Gozag's Platinum Reserve.
  1163 | D:3      | Found an opulent altar of Gozag.
  1294 | D:3      | Reached XP level 3. HP: 22/24 MP: 3/6
  1315 | D:3      | Reached skill level 1 in Short Blades
  1711 | D:3      | Learned a level 3 spell: Confuse
  1837 | D:4      | Reached XP level 4. HP: 30/30 MP: 1/7
  1880 | D:4      | Noticed Menkaure
  1880 | D:4      | Noticed an ogre
  1981 | D:3      | HP: 1/30 [orc/flail (9)]
  2023 | D:3      | HP: 1/30 [goblin (2)]
  2190 | D:3      | Noticed Sigmund
  2298 | D:3      | Killed Sigmund
  2298 | D:3      | Reached skill level 4 in Stealth
  2298 | D:3      | Reached XP level 5. HP: 18/35 MP: 2/8
  2461 | D:3      | Reached XP level 6. HP: 29/41 MP: 4/9
  2622 | D:3      | Demolished by Menkaure

Action                   |  1- 3 |  4- 6 || total
-------------------------+-------+-------++-------
Melee: Dagger            |   193 |    68 ||   261
 Cast: Ensorcelled Hiber |    13 |     6 ||    19
       Corona            |     4 |     7 ||    11
       Confuse           |       |     8 ||     8
  Use: Scroll            |     2 |     2 ||     4
 Stab: Sleeping          |    14 |     5 ||    19
       Confused          |       |     4 ||     4
